 Dungeon Crawl Stone Soup version 0.20-a0-700-gbd4582c (webtiles) character file.

404 ChocoNymphy the Covered (level 6, -13/48 HPs)
             Began as a Demonspawn Fighter on Feb 21, 2017.
             Mangled by an ogre
             ... wielding a +0 giant club
              (23 damage)
             ... on level 5 of the Dungeon.
             The game lasted 00:13:51 (3688 turns).

ChocoNymphy the Covered (Demonspawn Fighter)        Turns: 3688, Time: 00:13:51

Health: -13/48     AC:  8    Str: 16    XL:     6   Next: 56%
Magic:  6/6        EV:  8    Int: 14    God:
Gold:   184        SH:  9    Dex: 14    Spells: 5/5 levels left

rFire    . . .     SeeInvis .   a - +0 war axe
rCold    . . .     Gourm    .   b - +0 scale mail
rNeg     . . .     Faith    .   l - +0 shield
rPois    .         Spirit   .   (helmet restricted)
rElec    .         Reflect  .   (no cloak)
rCorr    .         Harm     .   p - +0 pair of gloves
MR       +....     Rnd*Rage +   (no boots)
Stlth    ++........             (no amulet)
Regen    0.2/turn               (no ring)
MPRegen  0.1/turn               (no ring)

@: no status effects
A: horns 1, thin skeletal structure 1, berserk 1, blurry vision 1, clever 1,
magic resistance 1, nightstalker 1, evolution 1, rot immunity
a: no special abilities


You were on level 5 of the Dungeon.
You were hungry.

You visited 1 branch of the dungeon, and saw 5 of its levels.

You collected 184 gold pieces.

Inventory:

Hand Weapons
 a - a +0 war axe (weapon)
 h - a +3 short sword
Missiles
 n - 51 bolts
 u - 19 poisoned needles
 w - 20 sling bullets
Armour
 b - a +0 scale mail (worn)
 l - a +0 shield (worn)
 p - a +0 pair of gloves (worn)
Jewellery
 c - a +3 ring of evasion {unknown}
Scrolls
 e - a scroll of magic mapping {unknown}
 i - 3 scrolls of remove curse {unknown}
 j - 3 scrolls of recharging {unknown}
 o - 2 scrolls of identify
 q - a scroll of enchant weapon {unknown}
 s - a scroll of fog {unknown}
 t - 2 scrolls of immolation {unknown}
 y - a scroll of teleportation
 z - a scroll of blinking {unknown}
Potions
 d - 2 potions of might
 g - a potion of ambrosia {unknown}
 m - 4 potions of haste {unknown}
 v - a potion of brilliance {unknown}
Comestibles
 f - 5 bread rations
 k - 2 royal jellies
 r - 2 fruits
 x - a meat ration


   Skills:
 + Level 4.0 Fighting
 + Level 3.6 Axes
 + Level 4.0 Armour
 + Level 1.7 Dodging
 + Level 0.4 Stealth
 + Level 3.9 Shields


You had 5 spell levels left.
You didn't know any spells.

Dungeon Overview and Level Annotations

Branches:
Dungeon (5/15)
 Temple: D:4-7

Altars:
Ru
Xom


Innate Abilities, Weirdness & Mutations

You have a pair of small horns on your head.
You are slightly more attuned to the shadows.
You are immune to rotting.
You have a somewhat thin skeletal structure. (Dex +2, Stealth)
You tend to lose your temper in combat.
Scrolls take you a little longer to read.
Your mind is acute. (Int +2)
You are resistant to hostile enchantments. (MR+)
You evolve.


Message History

There is a stone staircase leading down here.
You climb downwards.
An ogre comes into view. It is wielding a giant club.
Found a broad axe, a potion of might and a meat ration.
Found a stone staircase leading up.
There is a stone staircase leading up here.
The ogre shouts!
Found a bread ration.
You closely miss the ogre. You headbutt the ogre.
The ogre is lightly wounded.
The ogre hits you with a giant club!
You slash the ogre! You headbutt the ogre.
The ogre is heavily wounded.
The ogre hits you with a giant club!!
Ouch! That really hurt!
* * * LOW HITPOINT WARNING * * *
You slash the ogre! Your headbutt misses the ogre.
The ogre is almost dead.
The ogre hits you with a giant club!!
You die...

##....## ...
#......# %...
#..%...#
....##......#
.....!.....#
..<........#
#..<...#
#.@...)#
#..O...##
#.....##
#....##
######


You could see an ogre.

Vanquished Creatures
  A sky beast (D:4)
  2 hounds (D:4)
  2 iguanas (D:4)
  2 worker ants (D:4)
  5 adders
  A howler monkey skeleton (D:4)
  An ooze (D:4)
  3 worms
  4 dart slugs
  2 leopard geckos
  4 orcs (D:3)
  8 bats
  4 giant cockroaches
  2 goblins (D:1)
  8 hobgoblins
  7 jackals
  2 ball pythons (D:2)
  5 frilled lizards
  11 kobolds
  10 rats
84 creatures vanquished.

Notes
Turn   | Place    | Note
-------+----------+-------------------------------------------
     0 | D:1      | ChocoNymphy the Demonspawn Fighter began the quest for the Orb.
     0 | D:1      | Reached XP level 1. HP: 18/18 MP: 1/1
   118 | D:1      | Gained mutation: You are immune to rotting. [demonic ancestry]
   118 | D:1      | Reached XP level 2. HP: 15/24 MP: 2/2
   683 | D:1      | Found a shimmering altar of Xom.
   700 | D:1      | Reached XP level 3. HP: 22/29 MP: 3/3
  1282 | D:2      | Found a sacrificial altar of Ru.
  1293 | D:2      | Reached XP level 4. HP: 22/35 MP: 4/4
  1473 | D:2      | Reached skill level 1 in Dodging
  2716 | D:3      | Gained mutation: You have a pair of small horns on your head. [demonic ancestry]
  2716 | D:3      | Reached XP level 5. HP: 41/41 MP: 5/5
  3085 | D:4      | Noticed a sky beast
  3108 | D:4      | Killed a sky beast
  3108 | D:4      | Gained mutation: You are slightly more attuned to the shadows. [demonic ancestry]
  3108 | D:4      | Reached XP level 6. HP: 15/48 MP: 6/6
  3125 | D:4      | Gained mutation: You tend to lose your temper in combat. [mutagenic meat]
  3126 | D:4      | Gained mutation: Scrolls take you a little longer to read. [mutagenic meat]
  3127 | D:4      | Gained mutation: You have a somewhat thin skeletal structure. (Dex +2, Stealth) [mutagenic meat]
  3128 | D:4      | Gained mutation: Your mind is acute. (Int +2) [mutagenic meat]
  3129 | D:4      | Gained mutation: You evolve. [mutagenic meat]
  3130 | D:4      | Gained mutation: You are resistant to hostile enchantments. (MR+) [mutagenic meat]
  3684 | D:5      | Entered Level 5 of the Dungeon
  3688 | D:5      | Mangled by an ogre

Vault maps used:
D:1:      shiori_arrival_elements, xom_teletrap_fun
D:2:      nicolae_overflow_crystal_walls
D:4:      corexii_hall_statues_i, corexii_corridor_pit
D:5:      first_bread

Skill      XL: |  1  2  3  4  5  6 |
---------------+-------------------+-----
Armour         | 3 4 |  4.0
Axes           | 2 3 |  3.6
Shields        | 3 |  3.9
Dodging        | 1 |  1.7
Fighting       | 4 |  4.0
Stealth        | |  0.4

Action                   |  1- 3 |  4- 6 || total
-------------------------+-------+-------++-------
Melee: War axe           |   161 |   191 ||   352
       Headbutt          |       |    15 ||    15
  Use: Scroll            |     2 |       ||     2
 Stab: Sleeping          |       |     1 ||     1
  Eat: Chunk             |     1 |    14 ||    15
Armor: Scale mail        |    97 |    85 ||   182
Dodge: Dodged            |    65 |    60 ||   125
Block: Shield            |   102 |    87 ||   189
